 Dungeon Crawl Stone Soup version 0.30.0-5-g1a98f26d00 (webtiles) character file.

Game seed: 100560447618555724

175 qeuew the Covered (level 5, -3/47 HPs)
             Began as a Minotaur Fighter on May 10, 2023.
             Was an Initiate of Trog.
             Slain by Duvessa
             ... wielding a +0 rapier of freezing
              (4 damage)
             ... on level 4 of the Dungeon.
             The game lasted 00:04:35 (2038 turns).

qeuew the Covered (Minotaur Fighter)                Turns: 2038, Time: 00:04:35

Health: -3/47      AC:  8    Str: 23    XL:     5   Next: 29%
Magic:  4/4        EV: 10    Int:  9    God:    Trog [......]
Gold:   228        SH:  5    Dex: 12    Spells: 4/4 levels left

rFire   . . .        a - +1 war axe
rCold   . . .        f - +0 buckler of Hangman {Drain rPois rCorr Str+3 Int+4}
rNeg    . . .        b - +0 scale mail
rPois   +            (helmet restricted)
rElec   .            n - +0 cloak
rCorr   +            (no gloves)
SInv    .            (no boots)
Will    .....        k - amulet of regeneration Stlth
                     (no ring)
HPRegen 1.07/turn    (no ring)
MPRegen 0.09/turn

%: no passive effects
@: no status effects
A: horns 2, retaliatory headbutt
a: Renounce Religion


You were on level 4 of the Dungeon.
You worshipped Trog.
Trog was noncommittal.
You visited 1 branch of the dungeon, and saw 4 of its levels.

You collected 228 gold pieces.

Inventory:

Hand Weapons
 a - a +1 war axe (weapon)
Armour
 b - a +0 scale mail (worn)
 f - the +0 buckler of Hangman (worn) {Drain rPois rCorr Str+3 Int+4}
   (You acquired it on level 3 of the Dungeon)

   Str:       It affects your strength (+3).
   Int:       It affects your intelligence (+4).
   rPois:     It protects you from poison.
   rCorr:     It protects you from acid and corrosion.
   Drain:     It drains your maximum health when unequipped.
 n - a +0 cloak (worn)
Jewellery
 k - an amulet of regeneration (around neck)
Scrolls
 e - a scroll of fear
Potions
 c - a potion of invisibility
 d - a potion of might
 g - a potion of flight
 l - a potion of curing


   Skills:
 + Level 4.3 Fighting
 + Level 3.4 Axes
 * Level 5.2 Armour
 + Level 2.0 Dodging
 + Level 4.4 Shields


You had 4 spell levels left.
You didn't know any spells.
Your spell library contained the following spells:

 Spells                   Type           Power      Damage    Failure   Level
 Apportation              Tloc           0%         N/A       75%         1
 Necrotise                Necr           0%         1d4       75%         1
 Summon Small Mammal      Summ           0%         N/A       75%         1
 Lesser Beckoning         Tloc           0%         N/A       87%         2
 Gell's Gravitas          Tloc           0%         N/A       98%         3
 Teleport Other           Tloc           0%         N/A       98%         3


Dungeon Overview and Level Annotations

Branches:
Dungeon (4/15)
 Temple: D:4-7

Altars:
Ru
Trog

Shops:
D:2 =   D:3 *

Annotations:
D:4 Duvessa


Innate Abilities, Weirdness & Mutations

You have a pair of horns on your head.
You reflexively headbutt those who attack you in melee.


Message History

Dowan is almost dead.
You hit Duvessa.
Duvessa hits you with a +0 rapier of freezing!
Duvessa freezes you. Dowan barely misses you.
Duvessa hits you with a +0 rapier of freezing.
Duvessa freezes you.
Okay, then.
You hit Duvessa but do no damage. You headbutt Duvessa.
Duvessa is lightly wounded.
You miss Dowan. Duvessa closely misses you.
Dowan mumbles some strange words.
Dowan blinks!
You block Duvessa's attack.
Unknown command.
You closely miss Duvessa. You headbutt Duvessa, but do no damage.
Duvessa is lightly wounded.
You block Duvessa's attack. Dowan casts a spell at you.
You resist with some effort. Duvessa barely misses you.
Unknown command.
You slash Duvessa! Your headbutt misses Duvessa.
Duvessa is heavily wounded.
You barely miss Dowan. Duvessa barely misses you.
Dowan hits you but does no damage.
Duvessa hits you with a +0 rapier of freezing.
Duvessa freezes you.
Unknown command.
You slash Duvessa! You headbutt Duvessa.
Duvessa is severely wounded.
You hit Dowan.
You kill Dowan!
Trog accepts your kill.
Trog appreciates your killing of a magic user.
Duvessa weeps, and shakes her weapon.
Duvessa goes berserk!
Duvessa hits you with a +0 rapier of freezing!
Duvessa freezes you.
Duvessa hits you with a +0 rapier of freezing!
* * * LOW HITPOINT WARNING * * *
Duvessa freezes you.
You die...

.......# #.#.......
.......##
###.........
########
##...........
##............
##.............
##..............
##...............
##................
#....@)...........
.......e...........
.................
#...............
#....(.........
#..!...........
##............#
###..!....###.


You could see Duvessa (berserk, fast).

Vanquished Creatures
  Dowan (D:4)
  Crazy Yiuf (D:3)
  An orc priest (D:3)
  An orc wizard (D:3)
  3 adders
  3 worms
  4 dart slugs
  2 orcs (D:3)
  2 endoplasms
  2 giant cockroaches
  4 goblins
  3 hobgoblins (D:1)
  3 kobolds
  3 quokkas
  5 ball pythons
  5 bats
  5 frilled lizards
  5 rats
53 creatures vanquished.

Notes
Turn   | Place    | Note
-------+----------+-------------------------------------------
     0 | D:1      | qeuew the Minotaur Fighter began the quest for the Orb.
     0 | D:1      | Reached XP level 1. HP: 19/19 MP: 0/0
   275 | D:1      | Reached XP level 2. HP: 26/27 MP: 1/1
   278 | D:1      | Reached skill level 4 in Armour
   833 | D:2      | Reached skill level 1 in Dodging
   839 | D:2      | Reached XP level 3. HP: 33/33 MP: 2/2
   980 | D:2      | Found Keemag's One-of-a-Kind Rings.
  1365 | D:3      | Found Dufyg's General Store.
  1408 | D:3      | Found a bloodstained altar of Trog.
  1419 | D:3      | Became a worshipper of Trog the Wrathful
  1629 | D:3      | Found a runed translucent door.
  1630 | D:3      | Noticed Crazy Yiuf
  1683 | D:3      | Found a sacrificial altar of Ru.
  1738 | D:3      | Reached XP level 4. HP: 40/40 MP: 3/3
  1752 | D:3      | Reached skill level 5 in Armour
  1838 | D:3      | Killed Crazy Yiuf
  1839 | D:3      | Reached XP level 5. HP: 27/47 MP: 4/4
  1849 | D:3      | Identified a scroll of acquirement
  1849 | D:3      | Acquired the +0 buckler of Hangman {Drain rPois rCorr Str+3
                  | Int+4}
  2028 | D:4      | Noticed Dowan
  2029 | D:4      | Noticed Duvessa
  2038 | D:4      | Killed Dowan
  2038 | D:4      | HP: 1/47 [Duvessa/+0 rapier of freezing (14)]
  2038 | D:4      | Slain by Duvessa

Illustrated notes

Levels and vault maps discovered:
D:1:      zaba_arrival_water, layout_loops_ring
D:2:      layout_loops_ring, nicolae_shop_unique_rings
D:3:      layout_rooms, mainiacjoe_overflow_24_doors, overflow_temple_1_default,
          serial_shops, shop, uniq_crazy_yiuf_cottage
D:4:      layout_layer_cave, uniq_duvessa, uniq_blork_the_orc, uniq_pargi

Skill      XL: |  1  2  3  4  5 |
---------------+----------------+-----
Armour         | 4 5 |  5.2
Dodging        | 1 2 |  2.0
Shields        | 4 |  4.4
Fighting       | 4 |  4.3
Axes           | 3 |  3.4

Action                     |  1- 3 |  4- 6 || total
---------------------------+-------+-------++-------
  Melee: War axe           |    92 |    32 ||   124
         Headbutt          |    12 |     6 ||    18
    Use: Scroll            |     8 |     4 ||    12
         Potion            |     4 |       ||     4
 Armour: Scale mail        |    43 |    14 ||    57
  Dodge: Dodged            |    35 |    16 ||    51
  Block: Buckler           |    17 |     5 ||    22
